Map: Terraform LE (Void)

Players

wabbajack

  • Race: Zerg Zerg
  • League: Gold

ScYeou - Winner!

  • Race: Zerg Zerg
  • League: Gold

VOD

Have the link to the VOD?

Description

Time

  • Played on: July 20, 2015, 1:55 p.m.
  • Length: 4:39
Show
View Real Time Build Order
Export as new Build Order

wabbajack Zerg 

Build Orders: Hatch First 

Get SALT Encoding   

  12  0:11  Drone  
  13  0:21  Overlord  
  13  0:24  Drone  
  13  0:26  Extractor  
  13  0:28  Drone  
  15  0:40  Drone  
  16  0:53  Hatchery  
  15  0:57  Drone  
  15  0:59  Drone  
  17  1:07  Extractor  
  16  1:12  Drone  
  17  1:20  Spawning Pool  
  17  1:23  Drone  
  17  1:27  Drone  
  18  1:39  Drone  
  19  1:50  Drone  
  20  2:00  Drone  
  21  2:08  Queen  
  21  2:10  Zergling x4  
  21  2:11  Spine Crawler  
  21  2:12  Metabolic Boost  
  24  2:23  Extractor, Zergling x4  
  25  2:40  Zergling x6  
  24  2:59  Queen  
  24  3:04  Overlord  
  24  3:05  Overlord  
  26  3:24  Zergling x2  
  26  3:25  Zergling x16  
  35  3:38  Overlord  
  35  3:52  Drone x4  
  35  3:53  Drone x2  
  41  3:59  Spine Crawler  
Show
View Real Time Build Order
Export as new Build Order

ScYeou Zerg - Winner!

Build Orders: Pool First 

Get SALT Encoding   

  12  0:09  Drone x2  
  14  0:27  Spawning Pool  
  13  0:38  Drone  
  13  0:39  Overlord  
  14  1:02  Hatchery  
  13  1:09  Drone x2  
  15  1:16  Zergling x2  
  16  1:24  Queen  
  18  1:30  Zergling x2  
  19  1:33  Zergling x2  
  20  1:48  Drone  
  21  1:54  Drone  
  22  2:16  Drone x2  
  22  2:17  Queen  
  26  2:23  Zergling x2  
  25  2:56  Drone x4  
  28  3:01  Extractor  
  28  3:03  Extractor  
  26  3:08  Queen  
  28  3:14  Overlord  
  28  3:15  Roach Warren  
  26  3:43  Spine Crawler  
  26  3:45  Spine Crawler  
  24  4:01  Roach x4  
  32  4:07  Drone  
  32  4:08  Drone x3  
Tags
 
Add a new tag
Caveats
  • Supply blocks, unpowered buildings, or Contaminate may cause inaccurate times.
  • Supply counts are checked every 10 seconds.